 Dungeon Crawl Stone Soup version 0.25.0-9-g26727b657a (webtiles) character file.

Game seed: 15018140527624682866

47998 MisterFreud the Thaumaturge (level 14, 0/106 HPs)
             Began as a Gnoll Ice Elementalist on June 19, 2020.
             Was the Champion of Ru.
             Slain by a +5 long sword (11 damage)
             ... on level 13 of the Dungeon on June 20, 2020.
             The game lasted 01:42:46 (19562 turns).

MisterFreud the Thaumaturge (GnIE)                 Turns: 19562, Time: 01:42:47

Health: 0/106      AC:  7    Str: 10    XL:     14   Next: 44%
Magic:  27/27      EV: 21    Int: 20    God:    Ru [******]
Gold:   1059       SH:  7    Dex: 13    Spells: 13/32 levels left

rFire    + . .     SeeInvis .   a - +1 dagger (venom)
rCold    + + .     Gourm    .   N - +1 buckler
rNeg     + . .     Faith    .   Q - +1 leather armour of Gismofuh {rPois Regen+ rCorr Int-4}
rPois    +         Spirit   .   L - -2 hat of the Alchemist {rElec rPois rF+ rC+ rN+ MR+ rMut rCorr}
rElec    +         Reflect  .   K - +2 cloak
rCorr    +         Harm     .   (no gloves)
rMut     +                      V - +0 pair of boots
MR       ++...                  (no amulet)
Stlth    ++++......             y - ring of protection from cold
HPRegen  0.67/turn              Y - +4 ring of evasion
MPRegen  0.20/turn

@: very slightly contaminated
A: distributed training, fangs 1, clumsy 1, hated by all, unskilled 1,
inexperienced 1, missing an eye, strong nose
a: Draw Out Power, Power Leap, Apocalypse, Renounce Religion


You were on level 13 of the Dungeon.
You worshipped Ru.
Ru was exalted by your worship.
You were hungry.

You visited 3 branches of the dungeon, and saw 20 of its levels.
You also visited: Gauntlet.

You collected 1059 gold pieces.

Inventory:

Hand Weapons
 a - a +1 dagger of venom (weapon)
 q - a +2 morningstar of protection
 M - a +2 morningstar of holy wrath
Missiles
 i - 59 poisoned darts (quivered)
 z - 7 silver javelins
 J - 22 javelins
 S - 4 throwing nets
Armour
 h - a scarf of repulsion
 x - a +0 kite shield
 E - a +2 scale mail of fire resistance
 K - a +2 cloak (worn)
 L - the -2 hat of the Alchemist (worn) {rElec rPois rF+ rC+ rN+ MR+ rMut rCorr}
   (You found it in a Gauntlet)

   It protects you from fire.
   It protects you from cold.
   It insulates you from electricity.
   It protects you from poison.
   It protects you from negative energy.
   It affects your resistance to hostile enchantments.
   It provides partial protection from all sources of acid and corrosion.
   It protects you from mutation.
 N - a +1 buckler (worn)
 Q - the +1 leather armour of Gismofuh (worn) {rPois Regen+ rCorr Int-4}
   (You took it off an orc on level 6 of the Dungeon)

   It affects your intelligence (-4).
   It protects you from poison.
   It increases your rate of regeneration.
   It provides partial protection from all sources of acid and corrosion.
 U - the +5 plate armour of Huxt {rElec rF+ MR+ Stlth+}
   (You found it on level 5 of the Lair of Beasts)

   It protects you from fire.
   It insulates you from electricity.
   It affects your resistance to hostile enchantments.
   It makes you more stealthy.
 V - a +0 pair of boots (worn)
Jewellery
 f - the ring "Xees" {+Fly Int+2}
   (You took it off a minotaur in a Gauntlet)

   [ring of flight]

   It affects your intelligence (+2).
   It lets you fly.
 y - a ring of protection from cold (left hand)
 Y - a +4 ring of evasion (right hand)
Wands
 e - a wand of paralysis (4)
 D - a wand of acid (3)
 P - a wand of clouds (2)
 X - a wand of polymorph (7)
Scrolls
 b - a scroll of identify
 d - 12 scrolls of remove curse
 g - 7 scrolls of enchant weapon
 j - 3 scrolls of fear
 l - 6 scrolls of amnesia
 o - 2 scrolls of blinking
 p - 2 scrolls of torment
 r - 4 scrolls of magic mapping
 t - 10 scrolls of teleportation
 u - a scroll of fog
 w - a scroll of brand weapon {unknown}
 C - 4 scrolls of enchant armour
 H - 2 scrolls of vulnerability
 W - a scroll of summoning {unknown}
Potions
 k - 4 potions of stabbing
 m - 3 potions of haste
 n - 4 potions of brilliance
 s - 5 potions of curing
 v - 6 potions of flight
 A - 2 potions of cancellation
 F - 2 potions of might
 G - a potion of berserk rage
 O - 2 potions of invisibility
 R - a potion of magic
 T - a potion of ambrosia
Miscellaneous
 Z - a lightning rod (inert)
Comestibles
 c - 42 rations


   Skills:
 + Level 8.5 Fighting
 + Level 8.5 Short Blades
 + Level 8.5 Long Blades
 + Level 8.5 Axes
 + Level 8.5 Maces & Flails
 + Level 8.5 Polearms
 + Level 8.5 Staves
 + Level 8.5 Slings
 + Level 8.5 Bows
 + Level 8.5 Crossbows
 + Level 8.5 Throwing
 + Level 8.5 Armour
 + Level 9.5 Dodging
 + Level 9.3 Stealth
 + Level 8.5 Shields
 + Level 8.5 Unarmed Combat
 + Level 9.7 Spellcasting
 + Level 7.1 Conjurations
 + Level 7.1 Hexes
 + Level 7.1 Charms
 + Level 7.1 Summonings
 + Level 7.1 Necromancy
 + Level 7.1 Translocations
 + Level 7.1 Transmutations
 + Level 7.1 Fire Magic
 + Level 9.6 Ice Magic
 + Level 7.1 Air Magic
 + Level 7.1 Earth Magic
 + Level 7.1 Poison Magic
 + Level 9.3 Invocations
 + Level 8.5 Evocations


You had 13 spell levels left.
You knew the following spells:

 Your Spells              Type           Power        Failure   Level  Hunger
a - Confusing Touch       Hex            #####...     1%          3    None
b - Frozen Ramparts       Ice            #####.       1%          3    None
c - Ozocubu's Armour      Chrm/Ice       #####...     1%          3    None
d - Blink                 Tloc           N/A          1%          2    None
e - Mephitic Cloud        Conj/Pois/Air  #####...     1%          3    None
f - Hailstorm             Conj/Ice       #####...     3%          4    ##.....
g - Apportation           Tloc           #####.       1%          1    None

Your spell library contained the following spells:

 Spells                   Type           Power        Failure   Level  Hunger
 Corona                   Hex            #####..      1%          1    None
 Foxfire                  Conj/Fire      ####         1%          1    None
 Freeze                   Ice            ####         1%          1    None
 Magic Dart               Conj           ####         1%          1    None
 Ensorcelled Hibernation  Hex/Ice        #####.       1%          2    None
 Slow                     Hex            #####...     1%          2    None
 Conjure Flame            Conj/Fire      #####...     1%          3    None
 Dazzling Flash           Conj/Hex       #####.       1%          3    None
 Inner Flame              Hex/Fire       #####...     1%          3    None
 Sticky Flame             Conj/Fire      #####...     4%          4    ##.....
 Metabolic Englaciation   Hex/Ice        #####.....   9%          5    #####..
 Agony                    Necr           #####...     14%         5    #####..
 Fireball                 Conj/Fire      #####.....   14%         5    #####..
 Irradiate                Conj/Tmut      #####.....   14%         5    #####..
 Hydra Form               Tmut           #####.....   58%         6    ######.
 Iron Shot                Conj/Erth      #####.....   58%         6    ######.
 Statue Form              Tmut/Erth      #####....    58%         6    ######.
 Dragon Form              Tmut           #####.....   99%         7    #######
 Shatter                  Erth           #####.....   100%        9    #######
 Animate Skeleton         Necr           Unusable     N/A         1    N/A
 Summon Small Mammal      Summ           Unusable     N/A         1    N/A
 Call Imp                 Summ           Unusable     N/A         2    N/A
 Tukima's Dance           Hex            Unusable     N/A         3    N/A
 Summon Ice Beast         Ice/Summ       Unusable     N/A         4    N/A

Dungeon Overview and Level Annotations

Branches:
Dungeon (13/15)            Temple (1/1) D:5            Lair (6/6) D:9
  Swamp (0/4) Lair:4       Spider (0/4) Lair:2        Slime (0/5) Lair:6
    Orc (0/2) D:11        Gauntlet (visited)
 Vaults: D:13-14

Altars:
Ashenzari
Elyvilon
Fedhas
Qazlal
Ru
Xom

Shops:
D:8 =

Portals:
Trove: D:11 (give 7 scrolls of fear)

Annotations:
Lair:2 Nergalle
Lair:3 exclusion: oklob plant
Lair:4 exclusion: oklob plant
Lair:6 fire dragon vault, exclusion: oklob plant


Innate Abilities, Weirdness & Mutations

Your experience applies equally to all skills.
You have very sharp teeth.
You are clumsy. (Dex -2)
You are hated by all.
You are somewhat unskilled. (-1 Apt)
You are somewhat inexperienced. (-2 XL)
You are missing an eye, making it more difficult to aim.
Your uncanny sense of smell can sniff out nearby items.


Message History

Press: ? - help, Shift-Dir - straight line, f - +5 long sword
Aim: a +5 long sword (lightly damaged)
The bolt of acid hits the +5 long sword.
The +5 long sword is splashed with acid.
The acid corrodes the +5 long sword!
The +5 long sword is moderately damaged.
The +5 long sword hits you.
* * * LOW HITPOINT WARNING * * *
The +5 long sword hits you!
* * * LOW HITPOINT WARNING * * *
The +5 long sword completely misses you.
You block the +5 long sword's attack.
Okay, then.
Unknown command.
Blink to where?
Press: ? - help, Dir - move target cursor, p - +5 long sword You are very lightly contaminated with residual magic.
As you read the scroll of blinking, it crumbles to dust.
The +5 long sword hits you!
You die...

................
................
∆ ..............
#...........
#..§........
####........
#.........
#.(.<.....
#####.@.......
#...##........
#.............
#.............
###...........
#.............
#.............
####.............
#................


You could see a +5 long sword (corroded).

Vanquished Creatures
  A minotaur (Gauntlet)
  A death ooze (Gauntlet)
  A vault guard (D:11)
  3 hydras
  Harold (D:10)
  A catoblepas (Lair:3)
  2 death scarabs (Gauntlet)
  2 two-headed ogres
  6 death yaks
  Urug (Lair:3)
  A spectral catoblepas (Gauntlet)
  A spectral hydra (Gauntlet)
  An unseen horror (D:11)
  An ugly thing (D:11)
  2 cyclopes
  3 slime creatures
  17 elephants (Lair:4)
  A gargoyle (D:12)
  7 black mambas
  A centaur skeleton (D:12)
  12 spiny frogs
  6 rime drakes
  6 komodo dragons
  A hornet (D:9)
  A troll (D:12)
  The ghost of Edwards80 the Basher, an amateur MiMo of Makhleb (D:4)
  A bog body (Lair:4)
  10 dream sheep
  5 blink frogs (Lair:3)
  10 hippogriffs
  A raiju (Gauntlet)
  The ghost of grindst0ne the Cutter, an amateur KoAK of Lugonu (D:4)
  The ghost of xccam the Insei, an amateur OpTm (D:4)
  A spectral black mamba (Gauntlet)
  2 wyverns
  The ghost of Esekla the Magician, an amateur SpNe of Jiyva (D:4)
  6 basilisks
  A shadow (D:10)
  A fire bat (Lair:6)
  Grum (D:8)
  3 vampire mosquitoes (D:12)
  38 yaks
  6 steam dragons
  A soldier ant (D:11)
  2 acid dragons (Lair:6)
  10 water moccasins
  10 porcupines
  3 orc warriors
  2 sky beasts
  A spectral torpor snail (Gauntlet)
  A necrophage (D:9)
  An ice beast (D:8)
  7 ogres
  A phantom (D:6)
  An eye of draining (D:7)
  14 wolves
  6 centaurs
  The ghost of Canard the Insei, an amateur OpTm (D:4)
  14 crocodiles
  2 big kobolds (D:11)
  14 bullfrogs
  A gnoll sergeant (D:3)
  2 scorpions
  A water moccasin skeleton (D:5)
  The ghost of Raspi the Charmwright, a weakling GnSk (D:3)
  2 howler monkeys
  8 crimson imps
  A bullfrog zombie (D:10)
  2 quasits (D:9)
  A centaur zombie (D:6)
  4 jellies
  A hound (D:4)
  4 orc priests
  11 orc wizards
  Crazy Yiuf (D:2)
  2 bullfrog skeletons
  Terence (D:3)
  3 iguanas
  4 worker ants
  3 worker ant zombies
  Robin (D:4)
  3 gnolls (D:3)
  16 adders
  3 shadow imps
  4 oozes
  An adder zombie (D:8)
  3 worms (D:3)
  2 adder skeletons (D:8)
  A dart slug (D:2)
  5 leopard geckos
  31 orcs
  2 ball pythons (D:2)
  8 bats
  6 giant cockroaches
  20 goblins
  5 hobgoblins
  16 jackals
  7 quokkas
  8 frilled lizards
  11 kobolds
  A leopard gecko skeleton (D:9)
  A leopard gecko zombie (D:8)
  A quokka skeleton (D:9)
  A quokka zombie (D:5)
  7 rats
478 creatures vanquished.

Vanquished Creatures (others)
  A troll (D:11)
  A dream sheep (Lair:4)
  A yak (Lair:3)
  A porcupine (Lair:4)
  A bullfrog (D:12)
  A bush (Lair:5)
  10 fungi
  6 plants
22 creatures vanquished.

Grand Total: 500 creatures vanquished

Notes
Turn   | Place    | Note
-------+----------+-------------------------------------------
     0 | D:1      | MisterFreud the Gnoll Ice Elementalist began the quest for
                  | the Orb.
     0 | D:1      | Reached XP level 1. HP: 13/13 MP: 6/6
   500 | D:1      | Reached XP level 2. HP: 19/19 MP: 7/7
  1048 | D:2      | Reached XP level 3. HP: 25/25 MP: 7/9
  1053 | D:2      | Learned a level 3 spell: Frozen Ramparts
  1057 | D:2      | Learned a level 3 spell: Ozocubu's Armour
  1060 | D:2      | Learned a level 2 spell: Blink
  1103 | D:2      | Reached skill level 5 in Spellcasting
  1183 | D:2      | Reached skill level 1 in Invocations
  1278 | D:2      | Found a runed translucent door.
  1279 | D:2      | Noticed Crazy Yiuf
  1336 | D:2      | Reached skill level 1 in Fighting
  1336 | D:2      | Reached skill level 1 in Short Blades
  1336 | D:2      | Reached skill level 1 in Long Blades
  1336 | D:2      | Reached skill level 1 in Axes
  1336 | D:2      | Reached skill level 1 in Maces & Flails
  1336 | D:2      | Reached skill level 1 in Polearms
  1336 | D:2      | Reached skill level 1 in Staves
  1336 | D:2      | Reached skill level 1 in Slings
  1336 | D:2      | Reached skill level 1 in Bows
  1336 | D:2      | Reached skill level 1 in Crossbows
  1336 | D:2      | Reached skill level 1 in Throwing
  1336 | D:2      | Reached skill level 1 in Armour
  1336 | D:2      | Reached skill level 1 in Shields
  1336 | D:2      | Reached skill level 1 in Unarmed Combat
  1336 | D:2      | Reached skill level 1 in Evocations
  1370 | D:2      | Reached XP level 4. HP: 32/32 MP: 7/11
  1428 | D:2      | Found a faded altar of an unknown god.
  1778 | D:3      | Noticed Terence
  1786 | D:3      | Killed Terence
  1786 | D:3      | Reached skill level 1 in Conjurations
  1786 | D:3      | Reached skill level 1 in Hexes
  1786 | D:3      | Reached skill level 1 in Charms
  1786 | D:3      | Reached skill level 1 in Summonings
  1786 | D:3      | Reached skill level 1 in Necromancy
  1786 | D:3      | Reached skill level 1 in Translocations
  1786 | D:3      | Reached skill level 1 in Transmutations
  1786 | D:3      | Reached skill level 1 in Fire Magic
  1786 | D:3      | Reached skill level 1 in Air Magic
  1786 | D:3      | Reached skill level 1 in Earth Magic
  1786 | D:3      | Reached skill level 1 in Poison Magic
  1833 | D:3      | Reached XP level 5. HP: 36/37 MP: 9/12
  2265 | D:3      | Reached XP level 6. HP: 44/44 MP: 9/13
  2278 | D:3      | Found a runed translucent door.
  2279 | D:3      | Noticed Raspi's ghost (weakling GnSk)
  2331 | D:4      | Noticed Robin
  2451 | D:3      | Reached skill level 5 in Dodging
  2480 | D:3      | Found a runed translucent door.
  2630 | D:4      | Found a runed translucent gate.
  2630 | D:4      | Found a runed translucent gate.
  2631 | D:4      | Found a runed translucent gate.
  2702 | D:4      | Killed Robin
  2749 | D:4      | Reached XP level 7. HP: 47/50 MP: 10/15
  2768 | D:5      | Entered Level 5 of the Dungeon
  2909 | D:4      | Found a stormy altar of Qazlal.
  2959 | D:4      | Noticed xccam's ghost (amateur OpTm)
  2961 | D:4      | Noticed grindst0ne's ghost (amateur KoAK)
  2961 | D:4      | Noticed Esekla's ghost (amateur SpNe)
  2961 | D:4      | Noticed Canard's ghost (amateur OpTm)
  2961 | D:4      | Noticed Edwards80's ghost (amateur MiMo)
  3341 | D:5      | Found a sacrificial altar of Ru.
  3363 | D:5      | Became a worshipper of Ru the Awakened
  3429 | D:5      | Reached skill level 5 in Stealth
  3469 | D:5      | Found a staircase to the Ecumenical Temple.
  3486 | Temple   | Entered the Ecumenical Temple
  3866 | D:6      | Reached XP level 8. HP: 48/57 MP: 12/16
  4304 | D:6      | Identified the +1 leather armour of Gismofuh {rPois Regen+
                  | rCorr Int-4}
  4686 | D:7      | Gained mutation: You are hated by all. [Ru sacrifice]
  4686 | D:7      | Reached * piety under Ru
  5190 | D:7      | Reached XP level 9. HP: 65/65 MP: 18/18
  6205 | D:8      | Gained mutation: You are somewhat unskilled. (-1 Apt) [Ru
                  | sacrifice]
  6205 | D:8      | Reduced skill Dodging to level 5
  6205 | D:8      | Reduced skill Stealth to level 5
  6205 | D:8      | Reached ** piety under Ru
  6205 | D:8      | Reached *** piety under Ru
  6212 | D:8      | Noticed a two-headed ogre
  6304 | D:10     | Entered Level 10 of the Dungeon
  6431 | D:9      | Reached XP level 10. HP: 71/71 MP: 16/19
  6605 | D:9      | Found a white marble altar of Elyvilon.
  6881 | D:9      | Found a staircase to the Lair.
  6945 | D:10     | Reached skill level 5 in Invocations
  7239 | D:10     | Noticed Harold
  7257 | D:10     | Killed Harold
  7439 | D:10     | Reached skill level 5 in Fighting
  7439 | D:10     | Reached skill level 5 in Short Blades
  7439 | D:10     | Reached skill level 5 in Long Blades
  7439 | D:10     | Reached skill level 5 in Axes
  7439 | D:10     | Reached skill level 5 in Maces & Flails
  7439 | D:10     | Reached skill level 5 in Polearms
  7439 | D:10     | Reached skill level 5 in Staves
  7439 | D:10     | Reached skill level 5 in Slings
  7439 | D:10     | Reached skill level 5 in Bows
  7439 | D:10     | Reached skill level 5 in Crossbows
  7439 | D:10     | Reached skill level 5 in Throwing
  7439 | D:10     | Reached skill level 5 in Armour
  7439 | D:10     | Reached skill level 5 in Shields
  7439 | D:10     | Reached skill level 5 in Unarmed Combat
  7439 | D:10     | Reached skill level 5 in Evocations
  7745 | D:10     | Gained mutation: You are missing an eye, making it more
                  | difficult to aim. [Ru sacrifice]
  7745 | D:10     | Reached **** piety under Ru
  7974 | D:10     | You fall into a shaft and drop 2 floors!
  8193 | D:12     | Noticed a two-headed ogre
  8261 | D:12     | Noticed a cyclops
  8275 | D:12     | Killed a cyclops
  8499 | D:12     | Killed a two-headed ogre
  8499 | D:12     | Reached XP level 11. HP: 74/79 MP: 17/21
  8782 | D:10     | Gained mutation: You are somewhat inexperienced. (-2 XL)
                  | [Ru sacrifice]
  8782 | D:10     | Reached XP level 10. HP: 73/73 MP: 20/20
  8782 | D:10     | Reached XP level 9. HP: 67/67 MP: 19/19
  8782 | D:10     | Reached ***** piety under Ru
  9187 | D:11     | Noticed a troll
  9198 | D:11     | Killed a troll
  9299 | D:11     | Noticed an unseen horror
  9300 | D:11     | Killed an unseen horror
  9332 | D:11     | Noticed a cyan ugly thing
  9354 | D:11     | Killed a cyan ugly thing
  9354 | D:11     | Reached XP level 10. HP: 74/74 MP: 17/21
  9380 | D:11     | Found a shattered altar of Ashenzari.
  9384 | D:11     | Saw a vision of the Swamp and the Spider Nest.
  9384 | D:11     | Noticed a wolf spider
  9386 | D:11     | Noticed a wolf spider
  9387 | D:11     | Noticed a wolf spider
  9413 | D:11     | Noticed a cyclops
  9424 | D:11     | Killed a cyclops
  9773 | D:11     | Found a staircase to the Orcish Mines.
  9876 | D:11     | Noticed a vault guard
  9901 | D:11     | Killed a vault guard
  9990 | D:11     | Found a portal to a secret trove of treasure.
 10422 | Lair:1   | Entered Level 1 of the Lair of Beasts
 10422 | Lair:1   | Noticed a spiny frog
 10423 | Lair:1   | Killed a spiny frog
 10423 | Lair:1   | Reached skill level 5 in Conjurations
 10423 | Lair:1   | Reached skill level 5 in Hexes
 10423 | Lair:1   | Reached skill level 5 in Charms
 10423 | Lair:1   | Reached skill level 5 in Summonings
 10423 | Lair:1   | Reached skill level 5 in Necromancy
 10423 | Lair:1   | Reached skill level 5 in Translocations
 10423 | Lair:1   | Reached skill level 5 in Transmutations
 10423 | Lair:1   | Reached skill level 5 in Fire Magic
 10423 | Lair:1   | Reached skill level 5 in Air Magic
 10423 | Lair:1   | Reached skill level 5 in Earth Magic
 10423 | Lair:1   | Reached skill level 5 in Poison Magic
 10423 | Lair:1   | Reached XP level 11. HP: 80/80 MP: 22/22
 10431 | Lair:1   | Gained mutation: You are clumsy. (Dex -2) [Ru sacrifice]
 10431 | Lair:1   | Reached ****** piety under Ru
 10488 | Lair:1   | Got a crude chain mail
 11548 | Lair:2   | Found a hole to the Spider Nest.
 11578 | Lair:2   | Noticed Nergalle
 11592 | Lair:2   | You fall into a shaft and drop 1 floor!
 11593 | Lair:3   | Noticed Urug
 11689 | Lair:2   | Noticed a spectral orc warlord
 11802 | Lair:2   | Learned a level 3 spell: Confusing Touch
 11806 | Lair:2   | Learned a level 3 spell: Mephitic Cloud
 11811 | Lair:2   | Learned a level 4 spell: Hailstorm
 12177 | Lair:3   | Killed Urug
 12237 | Lair:3   | Reached XP level 12. HP: 61/88 MP: 13/24
 12491 | Lair:3   | Noticed a catoblepas
 12704 | Lair:3   | Killed a catoblepas
 12840 | Lair:3   | Identified the cursed +0 chain mail of Gesun {Int+3 Dex+2}
                  | (You found it on level 1 of the Lair of Beasts)
 12876 | Lair:3   | Learned a level 1 spell: Apportation
 13821 | Lair:4   | Reached XP level 13. HP: 33/95 MP: 8/25
 14302 | Lair:4   | Found a staircase to the Swamp.
 14898 | Lair:5   | Found a gate leading to a gauntlet.
 14937 | Gauntlet | Entered a Gauntlet
 14937 | Gauntlet | Found a transporter.
 14937 | Gauntlet | Found a transporter.
 14938 | Gauntlet | Found a runed translucent door.
 14940 | Gauntlet | Found a transporter.
 14942 | Gauntlet | Found a transporter.
 14944 | Gauntlet | Found a transporter.
 14944 | Gauntlet | Found a transporter.
 15084 | Gauntlet | Noticed a death ooze
 15089 | Gauntlet | Found a transporter.
 15092 | Gauntlet | Found a transporter.
 15093 | Gauntlet | Found a transporter.
 15093 | Gauntlet | Found a transporter.
 15118 | Gauntlet | Killed a death ooze
 15242 | Gauntlet | Found a transporter.
 15257 | Gauntlet | Found a transporter.
 15260 | Gauntlet | Identified Jifit's Papyrus of the Ashen Snowflakes
 15447 | Gauntlet | Identified the ring "Xees" {+Fly Int+2}
 15447 | Gauntlet | Noticed a minotaur
 15476 | Gauntlet | Killed a minotaur
 15513 | Gauntlet | Identified Foag's Almanac of Ghastly Cold
 15514 | Gauntlet | Found the -2 hat of the Alchemist {rElec rPois rF+ rC+ rN+
                  | MR+ rMut rCorr}
 15573 | Lair:5   | Got a smelly plate armour
 15584 | Lair:5   | Identified the +5 plate armour of Huxt {rElec rF+ MR+
                  | Stlth+} (You found it on level 5 of the Lair of Beasts)
 16421 | Lair:5   | Reached XP level 14. HP: 105/105 MP: 24/27
 16854 | Lair:6   | Entered Level 6 of the Lair of Beasts
 17052 | Lair:6   | Found a shimmering altar of Xom.
 17372 | Lair:6   | Found a staircase to the Slime Pits.
 18268 | D:8      | Noticed Grum
 18282 | D:8      | Killed Grum
 18465 | D:8      | Found Hoodgh's Jewellery Shoppe.
 18526 | D:8      | Found a blossoming altar of Fedhas.
 18791 | D:2      | Killed Crazy Yiuf
 18887 | D:3      | Killed Raspi's ghost
 18970 | D:4      | Killed xccam's ghost
 18973 | D:4      | Killed grindst0ne's ghost
 18979 | D:4      | Killed Esekla's ghost
 18985 | D:4      | Killed Canard's ghost
 18993 | D:4      | Killed Edwards80's ghost
 19562 | D:13     | Slain by a +5 long sword

Illustrated notes

Levels and vault maps discovered:
D:1:      dpeg_arrival_signposts, layout_basic, nrook_mini_vaults
D:2:      layout_loops_ring, chequers_ecumenical_altar_island,
          uniq_crazy_yiuf_cottage
D:3:      layout_loops_ring, ebering_ghost_sewer_f, first_ration, uniq_terence
D:4:      layout_cave_pools, lemuel_doored_altar, gammafunk_ghost_cemetery,
          uniq_robin
D:5:      layout_basic, nicolae_ru_awakened_eye, minmay_temple_entry_offerings
D:6:      layout_basic
D:7:      layout_loops_corners, grunt_ogre_cave
D:8:      layout_basic, fedhas_altar_1, serial_shops, nicolae_shop_behind_doors,
          uniq_grum
D:9:      layout_roguey, elyvilon_altar_5, lair_entry_dummy
D:10:     layout_basic, uniq_harold
D:11:     layout_stronghold, orc_0_dummy, enter_trove_5,
          grunt_ashenzari_visionary [grunt_ashenzari_visionary_swamp,
          grunt_ashenzari_visionary_spider]
D:12:     layout_irregular_city
D:13:     layout_cross, erik_vaults_1, eino_house_with_fridge
Temple:   dpeg_five_rooms_temple
Lair:1:   layout_loops_ring, st_stairs_10, lemuel_fruit_fields,
          lemuel_fruit_tree
Lair:2:   layout_roguey, dummy_spider_entry, uniq_nergalle
Lair:3:   layout_gridlike, eino_small_chamber_without_monster,
          minmay_lair_oklob_items, beast_lair_carwin_9, grunt_megastairs_1,
          serial_bayou_shore_b, uniq_urug
Lair:4:   layout_regular_city, skrybe_swamp_entry_bodies,
          minmay_lair_oklob_chamber
Lair:5:   layout_cellular_growth, gauntlet_entry_generic
Lair:6:   guppyfry_lair_end_dragon, layout_loops_ring,
          nicolae_slime_entry_slimehenge, basic_altar, serial_bayou_pond_a,
          infiniplex_staircase_pool

Skill      XL: |  1  2  3  4  5  6  7  8  9 10 11 12 13 14 |
---------------+-------------------------------------------+-----
Spellcasting   | 5 6 7 8 9 |  9.7
Invocations    | 1 2 3 4 6 5 7 8 9 |  9.3
Fighting       | 1 2 3 4 6 7 8 |  8.5
Short Blades   | 1 2 3 4 6 7 8 |  8.5
Long Blades    | 1 2 3 4 6 7 8 |  8.5
Axes           | 1 2 3 4 6 7 8 |  8.5
Maces & Flails | 1 2 3 4 6 7 8 |  8.5
Polearms       | 1 2 3 4 6 7 8 |  8.5
Staves         | 1 2 3 4 6 7 8 |  8.5
Slings         | 1 2 3 4 6 7 8 |  8.5
Bows           | 1 2 3 4 6 7 8 |  8.5
Crossbows      | 1 2 3 4 6 7 8 |  8.5
Throwing       | 1 2 3 4 6 7 8 |  8.5
Armour         | 1 2 3 4 6 7 8 |  8.5
Shields        | 1 2 3 4 6 7 8 |  8.5
Unarmed Combat | 1 2 3 4 6 7 8 |  8.5
Evocations     | 1 2 3 4 6 7 8 |  8.5
Conjurations   | 1 2 3 5 6 7 |  7.1
Hexes          | 1 2 3 5 6 7 |  7.1
Charms         | 1 2 3 5 6 7 |  7.1
Summonings     | 1 2 3 5 6 7 |  7.1
Necromancy     | 1 2 3 5 6 7 |  7.1
Translocations | 1 2 3 5 6 7 |  7.1
Transmutations | 1 2 3 5 6 7 |  7.1
Fire Magic     | 1 2 3 5 6 7 |  7.1
Air Magic      | 1 2 3 5 6 7 |  7.1
Earth Magic    | 1 2 3 5 6 7 |  7.1
Poison Magic   | 1 2 3 5 6 7 |  7.1
Dodging        | 5 6 7 8 9 |  9.5
Stealth        | 5 5 7 8 9 |  9.3
Ice Magic      | 7 8 9 |  9.6

Action                   |  1- 3 |  4- 6 |  7- 9 | 10-12 | 13-15 || total
-------------------------+-------+-------+-------+-------+-------++-------
Melee: Hand axe          |     9 |    16 |       |       |       ||    25
       Dagger            |       |     3 |   102 |   432 |   391 ||   928
       Bite              |       |       |    26 |    58 |    40 ||   124
       Long sword        |       |       |    93 |    30 |       ||   123
       Morningstar       |       |       |       |       |    49 ||    49
Throw: Dart              |       |       |    17 |       |       ||    17
       Javelin           |       |       |       |       |     2 ||     2
 Cast: Freeze            |    27 |     2 |     3 |       |       ||    32
       Frozen Ramparts   |     6 |    26 |    56 |    93 |    59 ||   240
       Ozocubu's Armour  |       |       |     2 |     3 |       ||     5
       Blink             |       |       |     3 |       |       ||     3
       Mephitic Cloud    |       |       |       |    13 |    17 ||    30
       Hailstorm         |       |       |       |     2 |     2 ||     4
Invok: Sacrifice Love    |       |       |     1 |       |       ||     1
       Sacrifice Experie |       |       |     1 |       |       ||     1
       Sacrifice Skill   |       |       |     1 |       |       ||     1
       Sacrifice an Eye  |       |       |       |     1 |       ||     1
       Sacrifice Purity  |       |       |       |     1 |       ||     1
       Draw Out Power    |       |       |       |     1 |       ||     1
       Apocalypse        |       |       |       |       |     2 ||     2
Evoke: Wand              |       |       |       |     9 |     8 ||    17
       Lightning rod     |       |       |       |     1 |    10 ||    11
  Use: Scroll            |     2 |     1 |    18 |     7 |     3 ||    31
       Potion            |       |       |     1 |       |     3 ||     4
 Stab: Sleeping          |     6 |     5 |    10 |    19 |     6 ||    46
       Invisible         |       |       |       |     3 |     4 ||     7
       Distracted        |       |       |       |     5 |     4 ||     9
       Confused          |       |       |       |     7 |    16 ||    23
       Paralysed         |       |       |       |     3 |     2 ||     5
  Eat: Chunk             |     2 |     5 |    12 |    23 |    14 ||    56
       Ration            |       |       |     1 |       |     1 ||     2
Armor: Robe              |     6 |     5 |    13 |       |       ||    24
       Leather armour    |       |       |    78 |    76 |    40 ||   194
       Steam dragon scal |       |       |       |       |     1 ||     1
Dodge: Dodged            |    26 |    38 |   168 |   235 |   181 ||   648
Block: Buckler           |       |       |    38 |   101 |    90 ||   229
       Rpst.: Long sword |       |       |    27 |     9 |       ||    36
